AoeStats
← wan !

Black Forest

510007629Analyzed
4v4 RM · 3d ago on Sep 29, 2026· 29m 37s· 8 players
Game mode
Random Map
Map size
Large (8 player)
Population
200
Speed
Normal
Resources
Standard
Victory
Conquest
Starting age
Dark Age
Ending age
Imperial Age
RankedLock teamsTeams togetherTeam positionsShared explorationLock speedFull tech treeHidden civsTurbo modeCheats
Victory
Defeat
🇨🇱 Bohemians · Chile
1065
+12
🇨🇱 Aztecs · Chile
975
+16
🇨🇱 Persians · Chile
955
+17
🇨🇱 Burgundians · Chile
947
+17
🇺🇸 Spanish · United States
1015
-17
🇹🇼 Portuguese · Taiwan
1013
-17
🇹🇼 Huns · Taiwan
935
-14
🇺🇸 Bohemians · United States
930
-14
Jan
0:48 Loom
12:17 Feudal Age
13:14 Double-Bit Axe
14:05 Fishing Lines
19:51 Castle Age
21:34 Gillnets
23:14 Caravan
24:30 Bow Saw
24:04 Horse Collar
24:45 Heavy Plow
29:26 Imperial Age
救不了你
4:22 Loom
12:08 Feudal Age
16:21 Castle Age
14:20 Horse Collar
14:29 Double-Bit Axe
19:44 Bow Saw
24:09 Imperial Age
22:52 Fletching
25:53 Chemistry
28:19 Two-Man Saw
TBC Nation
8:03 Loom
13:19 Feudal Age
14:03 Double-Bit Axe
14:47 Horse Collar
22:10 Castle Age
22:47 Forging
22:43 Scale Barding Armor
23:02 Heavy Plow
23:13 Bow Saw
24:12 Husbandry
24:22 Bloodlines
24:36 Chain Barding Armor
24:51 Iron Casting
西岸大法咒
10:48 Loom
12:35 Feudal Age
17:02 Castle Age
15:27 Double-Bit Axe
15:28 Horse Collar
16:45 Gold Mining
24:21 Coinage
26:09 Wheelbarrow
26:42 Bow Saw
26:34 Heavy Plow
31:03 Imperial Age
28:55 Hand Cart
29:45 Scale Barding Armor
ᛒ
6:58 Loom
11:52 Feudal Age
17:30 Castle Age
15:20 Town Watch
16:21 Double-Bit Axe
16:29 Horse Collar
17:49 Town Watch
19:05 Heavy Plow
19:09 Gold Mining
23:28 Wheelbarrow
26:06 Gold Shaft Mining
27:19 Scale Barding Armor
27:24 Forging
29:17 Husbandry
29:27 Bloodlines
cplenz
11:03 Feudal Age
15:55 Castle Age
17:09 Double-Bit Axe
17:07 Horse Collar
25:57 Padded Archer Armor
25:52 Fletching
29:13 Imperial Age
27:30 Scale Barding Armor
27:36 Forging
27:22 Bodkin Arrow
28:40 Wheelbarrow
28:20 Bow Saw
28:12 Heavy Plow
30:59 Chemistry
wan !
1:43 Loom
13:00 Feudal Age
14:08 Double-Bit Axe
17:02 Castle Age
19:58 Fletching
22:29 Wheelbarrow
22:34 Fervor
23:54 Bodkin Arrow
26:42 Horse Collar
28:42 Hand Cart
28:43 Town Watch
28:59 Heavy Plow
29:10 Bow Saw
30:03 Chemistry
J4MAL MURR4Y
13:10 Feudal Age
12:43 Loom
19:22 Castle Age
20:39 Fishing Lines
21:54 Wheelbarrow
21:19 Gold Mining
21:21 Double-Bit Axe
21:37 Gillnets
24:27 Town Watch
25:34 Hand Cart
25:45 Horse Collar
27:42 Bow Saw
28:25 Atlatl
29:13 Redemption
29:55 Heavy Plow
29:29 Elite Skirmisher
Connection lost

Rejoining the realm…

Still unreachable

The connection could not be restored.

Session expired

The server has moved on; the page needs a fresh start.